 Dungeon Crawl Stone Soup version 0.31.0-11-ge490571c62 (webtiles) character file.

Game seed: 567945289975997121

22 Orangeyouglad the Apothecary (level 2, -4/15 HPs)
             Began as a Deep Elf Alchemist on Jan 28, 2024.
             Slain by a gnoll
             ... wielding a +0 flail
              (6 damage)
             ... on level 1 of the Dungeon.
             The game lasted 00:01:46 (631 turns).

Orangeyouglad the Apothecary (Deep Elf Alchemist)    Turns: 631, Time: 00:01:46

Health: -4/15      AC:  2    Str:  5    XL:     2   Next: 68%
Magic:  3/8        EV: 13    Int: 19    God:
Gold:   43         SH:  0    Dex: 15    Spells: 4/7 levels left

rFire   . . .        d - +0 dagger
rCold   . . .        (no shield)
rNeg    . . .        a - +0 robe
rPois   .            (no helmet)
rElec   .            (no cloak)
rCorr   .            (no gloves)
SInv    .            (no boots)
Will    .....        (no amulet)
Stlth   ++           (no ring)
HPRegen 0.22/turn    (no ring)
MPRegen 0.11/turn

%: no passive effects
@: no status effects
A: no striking features
a: no special abilities


You were on level 1 of the Dungeon.
You visited 1 branch of the dungeon, and saw 2 of its levels.

You collected 43 gold pieces.

Inventory:

Hand Weapons
 d - a +0 dagger (weapon)
Armour
 a - a +0 robe (worn)
Scrolls
 f - a scroll of poison {unknown}
 h - a scroll of teleportation {unknown}
Potions
 b - a potion of magic
 c - a potion of heal wounds {unknown}
 e - 2 potions of cancellation {unknown}
 g - 2 potions of curing {unknown}


   Skills:
 + Level 2.8 Dodging
 + Level 2.9 Stealth
 + Level 3.3 Spellcasting
 + Level 1.6 Conjurations
 + Level 3.5 Alchemy


You had 4 spell levels left.
You knew the following spells:

 Your Spells              Type           Power      Damage    Failure   Level
a - Sting                 Conj/Alch      48%        1d6       4%          1
b - Mercury Vapours       Alch/Air       18%        N/A       11%         2

Your spell library contained the following spells:

 Spells                   Type           Power      Damage    Failure   Level
 Lesser Beckoning         Tloc           6%         N/A       22%         2
 Mephitic Cloud           Conj/Alch/Air  9%         N/A       22%         3
 Olgreb's Toxic Radiance  Alch           16%        N/A       34%         4
 Gell's Gravitas          Tloc           3%         N/A       41%         3
 Teleport Other           Tloc           3%         N/A       41%         3
 Sticky Flame             Fire/Alch      9%         2d5       56%         4


Dungeon Overview and Level Annotations

Branches:
Dungeon (2/15)

Altars:


Message History

The sting hits the gnoll.
The gnoll is poisoned.
The gnoll is lightly wounded.
Aiming: Sting (safe; 4% risk of failure)
Press: ? - help, Q - select action, (/) - cycle Shift-Dir - straight line, f/p - gnoll
Aim: a gnoll, wielding a +0 flail (moderately wounded, poisoned, 75% to hit)
The sting hits the gnoll.
The gnoll looks even sicker.
The gnoll is heavily wounded.
Casting: Sting (safe; 4% risk of failure)
Confirm with . or Enter, or press ? or * to list all spells.
Aiming: Mercury Vapours (safe; 11% risk of failure)
Press: ? - help, Dir - move target, f/p - gnoll
Aim: a gnoll, wielding a +0 flail (heavily wounded, very poisoned, chance to weaken: 100%)
Okay, then.
Aiming: Sting (safe; 4% risk of failure)
Press: ? - help, Q - select action, (/) - cycle Shift-Dir - straight line, f/p - gnoll
Aim: a gnoll, wielding a +0 flail (heavily wounded, very poisoned, 75% to hit)
The sting misses the gnoll.
The gnoll hits you with a +0 flail!
Ouch! That really hurt!
Aiming: Sting (safe; 4% risk of failure)
Press: ? - help, Q - select action, (/) - cycle Shift-Dir - straight line, f/p - gnoll
Aim: a gnoll, wielding a +0 flail (heavily wounded, very poisoned, 75% to hit)
The sting hits the gnoll.
The gnoll looks even sicker.
The gnoll is heavily wounded.
The gnoll barely misses you. The gnoll attacks as it pursues you!
The gnoll barely misses you. The gnoll attacks as it pursues you!
The gnoll hits you but does no damage. The gnoll attacks as it pursues you!
The gnoll hits you with a +0 flail.
* * * LOW HITPOINT WARNING * * *
Aiming: Sting (safe; 4% risk of failure)
Press: ? - help, Q - select action, (/) - cycle Shift-Dir - straight line, f/p - gnoll
Aim: a gnoll, wielding a +0 flail (heavily wounded, very poisoned, 75% to hit)
The sting hits the gnoll.
The gnoll looks even sicker.
The gnoll is severely wounded.
The gnoll hits you with a +0 flail.
* * * LOW HITPOINT WARNING * * *
You hit the gnoll but do no damage.
The gnoll is severely wounded.
The gnoll hits you with a +0 flail.
You die...

.†...# #.#.#.### .#.###
#.#.#...g .
##.###############.#....####. .
...........................( ..
#..#####.#########.###....##.#.
#..#####.## ###.# #.........
#..##.###.### ####.###.......#
#)###.###.#∩######.........#
......####.#####@g.###.....#
#.###.####.###..#### ###.......
..#...#.##~~..### #.#..#.
###.####..~~##.# ....#
#.##..###.#### ##.##
###...#####.### .#
#...######<#.### . #.######
###.#### #.###########.#####


You could see a gnoll (very poisoned).

Vanquished Creatures
  A dart slug (D:1)
  2 ball pythons (D:1)
  3 bats
  A giant cockroach (D:1)
  A goblin (D:1)
  3 hobgoblins (D:1)
  A jackal (D:1)
  A frilled lizard (D:1)
  3 kobolds (D:1)
  4 rats (D:1)
20 creatures vanquished.

Notes
Turn   | Place    | Note
-------+----------+-------------------------------------------
     0 | D:1      | Orangeyouglad the Deep Elf Alchemist began the quest for
                  | the Orb.
     0 | D:1      | Reached XP level 1. HP: 10/10 MP: 6/6
    31 | D:1      | You fall into a shaft and drop 1 floor!
   228 | D:1      | Reached XP level 2. HP: 15/15 MP: 1/8
   452 | D:1      | Learned a level 2 spell: Mercury Vapours
   631 | D:1      | Slain by a gnoll

Illustrated notes

Levels and vault maps discovered:
D:1:      spicycebolla_green_bress_n_ham_2, layout_basic,
          dilly_ecumenical_altar_fadedgnrine, minmay_tromino_mix6
D:2:      layout_basic, serial_bayou, serial_bayou_lagoon_a,
          serial_bayou_shore_a, serial_bayou_lake_a, serial_bayou_crossing,
          serial_park_tiny_pond

Action                     || total
---------------------------++-------
  Melee: Unarmed           ||     1
         Dagger            ||     3
   Cast: Sting             ||    40
 Armour: Robe              ||    24
  Dodge: Dodged            ||    24
